 Dungeon Crawl Stone Soup version 0.24.0-1-gfbc8707 (webtiles) character file.

Game seed: 16252077426692791678, levelgen mode: deterministic

11146 porkupine the Cleaver (level 11, 0/97 HPs)
             Began as a Minotaur Abyssal Knight on Nov 7, 2019.
             Was the Champion of Lugonu.
             Slain by a killer bee (4 damage)
             ... on level 11 of the Dungeon.
             The game lasted 00:41:27 (10126 turns).

porkupine the Cleaver (Minotaur Abyssal Knight)    Turns: 10126, Time: 00:41:27

Health: 0/97       AC: 18    Str: 19    XL:     11   Next: 45%
Magic:  16/16      EV:  8    Int:  9    God:    Lugonu [******]
Gold:   636        SH:  3    Dex: 13    Spells: 10/10 levels left

rFire    . . .     SeeInvis .   I - -1 lajatang (curse)
rCold    . . .     Gourm    .   (shield currently unavailable)
rNeg     . . .     Faith    .   z - +2 plate armour
rPois    .         Spirit   .   (helmet unavailable)
rElec    .         Reflect  +   C - scarf {cloud immunity}
rCorr    .         Harm     .   m - +0 pair of gloves
MR       .....                  x - +0 pair of boots
Stlth    ..........             P - +3 amulet of reflection
HPRegen  0.26/turn              H - ring of stealth
MPRegen  0.15/turn              j - +2 ring of strength

@: no status effects
A: retaliatory headbutt, claws 1, horns 3, thin skeletal structure 1, weak 1
a: Depart the Abyss, Bend Space, Banish, Corrupt, Enter the Abyss, Brand Weapon
With Distortion, Renounce Religion


You were on level 11 of the Dungeon.
You worshipped Lugonu.
Lugonu was exalted by your worship.
You were not hungry.

You visited 1 branch of the dungeon, and saw 11 of its levels.
You visited the Abyss 1 time.

You collected 636 gold pieces.

Inventory:

Hand Weapons
 a - a +2 spear
 b - a +4 war axe of chopping
 I - a cursed -1 lajatang (weapon)
 L - a +3 scimitar of flaming
Missiles
 g - 65 poisoned darts (quivered)
 y - 3 curare-tipped darts
 B - 2 throwing nets
Armour
 e - a +0 ring mail of magic resistance
 k - a +1 chain mail of cold resistance
 m - a +0 pair of gloves (worn)
 t - a +0 buckler
 x - a +0 pair of boots (worn)
 z - a +2 plate armour (worn)
 C - a scarf of cloud immunity (worn)
 D - a +2 chain mail of positive energy
 O - a +0 shield
Jewellery
 j - a +2 ring of strength (right hand)
 l - an uncursed ring of protection from fire
 F - an uncursed ring of protection from cold
 H - a ring of stealth (left hand)
 J - an uncursed ring of wizardry
 P - a +3 amulet of reflection (around neck)
Wands
 f - a wand of polymorph (24)
 h - a wand of clouds (4)
 i - a wand of digging (4)
 v - a wand of flame (18)
 E - a wand of acid (25)
Scrolls
 n - a scroll of fear
 o - 2 scrolls of teleportation
 p - 3 scrolls of fog
 r - 4 scrolls of remove curse
 s - 3 scrolls of identify
 w - 3 scrolls of magic mapping
 R - a scroll of vulnerability {unknown}
Potions
 d - 4 potions of curing
 q - 3 potions of agility
 u - 5 potions of brilliance
 A - a potion of berserk rage
 G - a potion of cancellation
 K - a potion of magic
 M - a potion of lignification
 N - 4 potions of haste
Comestibles
 c - 25 rations
 Q - 8 chunks of flesh


   Skills:
 + Level 9.5 Fighting
 + Level 12.5(12.8) Axes
 + Level 4.5(9.5) Polearms
 + Level 0.9(3.0) Staves
 + Level 0.7 Throwing
 + Level 8.9 Armour
 + Level 4.3 Dodging
 + Level 0.2 Stealth
 + Level 3.3 Shields
 * Level 8.5 Invocations
 + Level 1.7 Evocations


You had 10 spell levels left.
You didn't know any spells.
Your spell library contained the following spells:

 Spells                   Type           Power        Failure   Level  Hunger
 Animate Skeleton         Necr           N/A          100%        1    ##.....
 Apportation              Tloc           #.....       100%        1    ##.....
 Confusing Touch          Hex            #.....       100%        1    ##.....
 Sting                    Conj/Pois      #...         100%        1    ##.....
 Summon Small Mammal      Summ           #...         100%        1    ##.....
 Poisonous Vapours        Pois/Air       #.....       100%        2    ###....
 Mephitic Cloud           Conj/Pois/Air  #.......     100%        3    ####...
 Olgreb's Toxic Radiance  Pois           #.......     100%        4    #####..
 Venom Bolt               Conj/Pois      #.........   100%        5    ######.


Dungeon Overview and Level Annotations

Branches:
Dungeon (11/15)            Temple (0/1) D:5            Lair (0/6) D:8
    Orc (0/2) D:9

Altars:
Cheibriados
Elyvilon
Makhleb
Okawaru
Qazlal
Ru
Trog
Vehumet
Wu Jian
Yredelemnul

Shops:
D:8 :   D:10 %


Innate Abilities, Weirdness & Mutations

You reflexively headbutt those who attack you in melee.
You have a pair of large horns on your head.
You have sharp fingernails.
You have a somewhat thin skeletal structure. (Dex +2, Stealth)
You are weak. (Str -2)


Message History

The killer bee is moderately wounded.
The killer bee stings you but does no damage. x2
The killer bee closely misses you.
You hit the killer bee but do no damage.
The killer bee is moderately wounded.
The killer bee closely misses you. You block the killer bee's attack.
You closely miss the killer bee.
The killer bee is moderately wounded.
The killer bee stings you.
* * * LOW HITPOINT WARNING * * *
The killer bee stings you.
* * * LOW HITPOINT WARNING * * *
The killer bee stings you but does no damage.
It was a potion of magic.
Magic courses through your body. The killer bee closely misses you. x2
You slash the killer bee! Your headbutt misses the killer bee.
The killer bee is almost dead.
The killer bee stings you but does no damage.
The killer bee stings you.
You die...

#....### ####...#
#######.### #.........#
...........# ###
.#[........# ....
#.........# ..>..
#.........# ####......
#.........# ##.@ys.....
#.........###..##......
#.............## .....
#.........##### ####
#####.##### #.## #..###
##...## ###..#


You could see a scorpion and a killer bee.

Vanquished Creatures
  Harold (D:9)
  A two-headed ogre (D:9)
  Erica (D:10)
  An orange crystal statue (D:10)
  Joseph (D:9)
  A centaur zombie (D:6)
  A gargoyle (D:9)
  Psyche (D:9)
  A troll (D:9)
  Prince Ribbit (D:5)
  4 yaks (D:10)
  Sigmund (D:2)
  Grum (D:10)
  A hungry ghost (D:8)
  2 humans (D:7)
  A wraith (D:9)
  2 vampire mosquitoes (D:10)
  A sky beast (D:9)
  2 orc warriors (D:9)
  5 ice beasts
  2 phantoms
  2 necrophages
  2 ogres
  2 black bears
  2 centaurs (D:9)
  4 wolves (D:10)
  An elf zombie (D:9)
  3 big kobolds
  4 bullfrogs
  A wyvern zombie (D:10)
  A gnoll sergeant (D:6)
  3 scorpions
  2 troll zombies (D:9)
  15 killer bees
  A wight (D:9)
  3 howler monkeys
  A bullfrog zombie (D:10)
  7 crimson imps
  4 human zombies (D:9)
  4 jellies
  An orc priest (D:3)
  10 hounds
  2 bullfrog skeletons
  7 orc wizards
  A centaur skeleton (D:4)
  2 gnoll shamans (D:6)
  Terence (D:2)
  Jessica (D:1)
  4 iguanas
  Natasha (thrice) (D:2)
  4 worker ants
  An ogre skeleton (D:9)
  2 hound skeletons
  2 mummies (D:9)
  11 gnolls
  17 adders
  4 shadow imps
  7 oozes
  3 worms
  2 leopard geckos
  32 orcs
  9 giant cockroaches
  11 hobgoblins
  18 jackals
  5 quokkas
  2 ball pythons
  6 bats
  10 frilled lizards
  10 goblins
  2 jackal skeletons
  17 kobolds
  A leopard gecko zombie (D:5)
  15 rats
317 creatures vanquished.

Vanquished Creatures (others)
  A kobold (D:9)
1 creature vanquished.

Grand Total: 318 creatures vanquished

Notes
Turn   | Place    | Note
-------+----------+-------------------------------------------
     0 | Abyss:1  | porkupine the Minotaur Abyssal Knight began the quest for
                  | the Orb.
     0 | Abyss:1  | Reached XP level 1. HP: 19/19 MP: 1/1
     7 | D:1      | Escaped the Abyss
   189 | D:1      | Reached XP level 2. HP: 27/27 MP: 2/2
   638 | D:1      | Reached ** piety under Lugonu
   791 | D:2      | Noticed Natasha
   799 | D:1      | Reached XP level 3. HP: 34/35 MP: 3/3
  1021 | D:2      | Killed Natasha
  1021 | D:2      | Reached skill level 5 in Fighting
  1333 | D:2      | Noticed Jessica
  1335 | D:2      | Noticed Natasha
  1417 | D:1      | Killed Jessica
  1417 | D:1      | Reached XP level 4. HP: 39/42 MP: 4/4
  1439 | D:2      | Killed Natasha
  1572 | D:2      | Noticed Natasha
  1584 | D:2      | Killed Natasha
  1584 | D:2      | Reached XP level 5. HP: 10/48 MP: 5/5
  2093 | D:2      | Found a snail-covered altar of Cheibriados.
  2101 | D:2      | Noticed Terence
  2105 | D:2      | Killed Terence
  2138 | D:2      | Noticed Sigmund
  2140 | D:2      | Killed Sigmund
  2140 | D:2      | Reached XP level 6. HP: 55/57 MP: 7/7
  2352 | D:2      | Found a burning altar of Makhleb.
  2458 | D:3      | Reached *** piety under Lugonu
  2538 | D:3      | Reached skill level 1 in Axes
  2644 | D:3      | Gained mutation: You have sharp fingernails. [potion of
                  | mutation]
  2644 | D:3      | Gained mutation: You are clumsy. (Dex -2) [potion of
                  | mutation]
  2644 | D:3      | Gained mutation: You have a pair of large horns on your
                  | head. [potion of mutation]
  2644 | D:3      | Gained mutation: You have large cloven feet. [potion of
                  | mutation]
  2645 | D:3      | Lost mutation: You have large cloven feet. [potion of
                  | mutation]
  2645 | D:3      | Lost mutation: You are clumsy. (Dex -2) [potion of
                  | mutation]
  2645 | D:3      | Gained mutation: You are weak. (Str -2) [potion of
                  | mutation]
  2645 | D:3      | Gained mutation: You have a somewhat thin skeletal
                  | structure. (Dex +2, Stealth) [potion of mutation]
  2708 | D:3      | Reached XP level 7. HP: 49/62 MP: 8/8
  2826 | D:3      | Reached skill level 2 in Axes
  3387 | D:4      | Reached skill level 3 in Axes
  3737 | D:4      | Found a sacrificial altar of Ru.
  3971 | D:4      | Reached skill level 4 in Axes
  4313 | D:5      | Entered Level 5 of the Dungeon
  4395 | D:5      | Found a staircase to the Ecumenical Temple.
  4404 | D:5      | Reached **** piety under Lugonu
  4405 | D:5      | Reached skill level 5 in Axes
  4460 | D:5      | Found a white marble altar of Elyvilon.
  4549 | D:5      | Found a radiant altar of Vehumet.
  4571 | D:5      | Reached XP level 8. HP: 62/70 MP: 10/10
  4651 | D:5      | Noticed Prince Ribbit
  4663 | D:5      | Killed Prince Ribbit
  4663 | D:5      | Reached skill level 6 in Axes
  5071 | D:6      | Reached skill level 7 in Axes
  5071 | D:6      | Reached skill level 5 in Armour
  5202 | D:6      | Reached skill level 5 in Invocations
  5248 | D:6      | Reached skill level 8 in Axes
  5248 | D:6      | Reached XP level 9. HP: 57/79 MP: 11/11
  5783 | D:7      | Found an iron altar of Okawaru.
  5793 | D:7      | Reached skill level 9 in Axes
  5793 | D:7      | Reached skill level 1 in Shields
  5802 | D:7      | Reached ***** piety under Lugonu
  6014 | D:7      | Found an ornate altar of the Wu Jian Council.
  6466 | D:8      | Found a bloodstained altar of Trog.
  6670 | D:8      | Reached skill level 10 in Axes
  6737 | D:8      | Found a staircase to the Lair.
  6849 | D:8      | Found Urraoch's Book Boutique.
  7022 | D:8      | Found a stormy altar of Qazlal.
  7245 | D:9      | Reached XP level 10. HP: 86/88 MP: 13/13
  7274 | D:9      | Noticed a gargoyle
  7284 | D:9      | Killed a gargoyle
  7288 | D:9      | Found a staircase to the Orcish Mines.
  7291 | D:9      | Noticed Harold
  7324 | D:9      | Killed Harold
  7342 | D:9      | Reached skill level 1 in Evocations
  7689 | D:9      | Identified a scroll of acquirement
  7743 | D:9      | Noticed Psyche
  7753 | D:9      | Killed Psyche
  7753 | D:9      | Reached skill level 11 in Axes
  8107 | D:9      | Found a basalt altar of Yredelemnul.
  8151 | D:9      | Noticed Joseph
  8168 | D:9      | Killed Joseph
  8251 | D:9      | Noticed a two-headed ogre
  8273 | D:9      | Killed a two-headed ogre
  8402 | D:10     | Entered Level 10 of the Dungeon
  8432 | D:10     | Reached XP level 11. HP: 66/97 MP: 15/15
  8513 | D:10     | Noticed an orange crystal statue
  8564 | D:10     | Found Tecs's Food Shop.
  8617 | D:10     | Noticed Erica
  8627 | D:10     | Killed Erica
  8627 | D:10     | Reached skill level 12 in Axes
  8735 | D:10     | Reached ****** piety under Lugonu
  8757 | D:10     | Noticed Grum
  8785 | D:10     | Killed Grum
  9399 | D:10     | Noticed a two-headed ogre
  9513 | D:10     | Killed an orange crystal statue
 10119 | D:11     | HP: 3/97 [killer bee (6)]
 10124 | D:11     | HP: 4/97 [killer bee (3)]
 10126 | D:11     | Slain by a killer bee

Levels and vault maps discovered:
D:1:      scummos_arrival_gate, layout_loops_cross
D:2:      layout_rooms, makhleb_heckhound_becter, lemuel_doored_altar,
          dk_noncrumbling_3, uniq_jessica, uniq_sigmund, uniq_terence,
          uniq_natasha
D:3:      layout_basic, first_ration
D:4:      layout_basic, nicolae_ru_great_annihilating_truth
D:5:      layout_cave_pools, vehumet_altar_wand_db,
          minmay_temple_entry_mini_moons, elyvilon_altar_4, uniq_prince_ribbit1
D:6:      layout_cave_pools, serial_gnoll_camp, gnoll_camp_mini_doghouse,
          gnoll_camp_mini_house, gnoll_camp_mini_hut, gnoll_camp_mini_house,
          palyth_stone_intersect
D:7:      layout_gridville, kennysheep_mini_moat, okawaru_humans,
          mrwooster_statue_mirror, minmay_misc_feat_cross
D:8:      layout_basic, nicolae_overflow_crystal_walls,
          nicolae_overflow_hidden_temple, lair_entry_dummy, serial_shops,
          shop_fountains, nicolae_qazlal_eye_of_the_storm
D:9:      layout_roguey, lemuel_mausoleum_altar_yredelemnul, orc_david_3,
          hangedman_little_slice_of_home, uniq_harold, uniq_psyche, uniq_joseph
D:10:     layout_rooms, serial_shops, shop_fountains, minivault_16, uniq_grum,
          uniq_erica
D:11:     layout_roguey

Skill      XL: |  1  2  3  4  5  6  7  8  9 10 11 |
---------------+----------------------------------+-----
Fighting       | 4 5 6 7 9 |  9.5
Polearms       | 3 4 |  4.5
Invocations    | 2 3 4 5 6 7 8 |  8.5
Armour         | 3 4 5 6 8 |  8.9
Dodging        | 3 4 |  4.3
Axes           | 1 5 8 10 11 12 | 12.5
Shields        | 1 2 3 |  3.3
Evocations     | 1 |  1.7
Staves         | |  0.9
Throwing       | |  0.7
Stealth        | |  0.2

Action                   |  1- 3 |  4- 6 |  7- 9 | 10-12 || total
-------------------------+-------+-------+-------+-------++-------
Melee: Spear             |   107 |    73 |       |       ||   180
       Headbutt          |     5 |    15 |    40 |    70 ||   130
       War axe           |       |    42 |   343 |   304 ||   689
       Lajatang          |       |       |       |    72 ||    72
Throw: Dart              |       |       |       |     6 ||     6
Invok: Bend Space        |       |       |       |     2 ||     2
Evoke: Wand              |       |     4 |       |     4 ||     8
  Use: Potion            |     2 |     5 |     5 |     5 ||    17
       Scroll            |     1 |     5 |     9 |     6 ||    21
  Eat: Ration            |     1 |       |     1 |       ||     2
       Chunk             |       |     3 |    12 |    11 ||    26
Armor: Leather armour    |    19 |    15 |       |       ||    34
       Chain mail        |       |    30 |   188 |       ||   218
       Plate armour      |       |       |    22 |   242 ||   264
Dodge: Dodged            |    50 |    58 |   133 |   138 ||   379
Block: Buckler           |       |       |    35 |    59 ||    94
       Other             |       |       |       |    20 ||    20
